 Dungeon Crawl Stone Soup version 0.31-a0-1267-gfedaa18580 (webtiles) character file.

Game seed: 16000187105935248851

86 skwerlee the Shooter (level 4, -5/28 HPs)
             Began as a Kobold Hunter on Dec 17, 2023.
             Slain by an orc priest
             ... wielding a +0 trident
              (8 damage)
             ... on level 3 of the Dungeon.
             The game lasted 00:04:17 (1706 turns).

skwerlee the Shooter (Kobold Hunter)                Turns: 1706, Time: 00:04:17

Health: -5/28      AC:  3    Str:  8    XL:     4   Next: 78%
Magic:  4/4        EV: 14    Int: 10    God:
Gold:   124        SH:  0    Dex: 20    Spells: 3/3 levels left

rFire   . . .        a - +0 shortbow
rCold   . . .        (shield currently unavailable)
rNeg    . . .        c - +0 leather armour
rPois   .            (no helmet)
rElec   .            (no cloak)
rCorr   .            (no gloves)
SInv    .            (no boots)
Will    .....        (no amulet)
Stlth   +++          (no ring)
HPRegen 0.24/turn    (no ring)
MPRegen 0.09/turn

%: no passive effects
@: mighty, brilliant
A: small, no large weapons, nightstalker 3
a: no special abilities


You were on level 3 of the Dungeon.
You visited 1 branch of the dungeon, and saw 3 of its levels.

You collected 124 gold pieces.

Inventory:

Hand Weapons
 a - a +0 shortbow (weapon)
Armour
 c - a +0 leather armour (worn)
Scrolls
 b - a scroll of butterflies
 d - 5 scrolls of identify {unknown}
 e - a scroll of blinking {unknown}
 h - a scroll of immolation {unknown}
 i - a scroll of revelation {unknown}
 j - 2 scrolls of teleportation {unknown}
 n - a scroll of poison {unknown}
 q - a scroll of enchant weapon {unknown}
 r - a scroll of fear {unknown}
Potions
 f - a potion of might
 k - a potion of heal wounds {unknown}
 l - a potion of curing {unknown}
 m - a potion of haste {unknown}
 o - a potion of enlightenment {unknown}
 p - a potion of cancellation {unknown}


   Skills:
 + Level 3.0 Fighting
 + Level 7.2 Ranged Weapons
 - Level 2.4 Dodging
 - Level 1.3 Stealth


You had 3 spell levels left.
You didn't know any spells.
Your spell library contained the following spells:

 Spells                   Type           Power      Damage    Failure   Level
 Slow                     Hex            0%         N/A       50%         1
 Confusing Touch          Hex            0%         N/A       86%         3
 Sigil of Binding         Hex            0%         N/A       86%         3
 Vampiric Draining        Necr           0%         2d6       86%         3


Dungeon Overview and Level Annotations

Branches:
Dungeon (3/15)

Altars:

Shops:
D:1 !


Innate Abilities, Weirdness & Mutations

You are small and have problems with some larger weapons.
You are completely attuned to the shadows.


Message History

You shoot an arrow. The arrow hits the orc.
You kill the orc!
You hear a shout!
The orc priest hits you from afar with a +0 trident.
There are monsters nearby!
You shoot an arrow. The orc priest shouts!
The arrow hits the orc priest.
The orc priest is moderately wounded.
The orc priest completely misses you.
There are monsters nearby!
You shoot an arrow.
The arrow completely misses the orc priest.
The arrow hits the orc!
You kill the orc!
The orc priest invokes the aid of Beogh against you.
Beogh smites you!
The orc priest miscasts a cantrip.
There are monsters nearby!
Fire: a) +0 shortbow
Press: ? - help, Q - select action Shift-Dir - straight line, f/p - orc priest
Aim: an orc priest, wielding a +0 trident and wearing a +0 leather armour (lightly wounded, 66% to hit)
You shoot an arrow. The arrow hits the orc priest.
The orc priest is heavily wounded.
The orc priest hits you from afar with a +0 trident!
* * * LOW HITPOINT WARNING * * *
Fire: a) +0 shortbow
Press: ? - help, Q - select action Shift-Dir - straight line, f/p - orc priest
Aim: an orc priest, wielding a +0 trident and wearing a +0 leather armour (heavily wounded, 66% to hit)
You shoot an arrow. The arrow hits the orc priest.
The orc priest is almost dead.
The orc priest closely misses you.
It was a potion of might.
You feel very mighty all of a sudden.
The orc priest miscasts a cantrip.
The orc priest barely misses you.
It was a potion of brilliance.
You feel clever all of a sudden.
The orc priest hits you from afar with a +0 trident!
You die...

#.............
#.###########. #.# #.
#.# #. #.# ##. #.#
######.. #######.###
#.......
#.........###.####..
#..@o...............
#...................
#....o....#.#......#
#.............#.##
#.....†$..#.....# ##
........# # ####.##
..).....#.##
###<..#.#...†....<....
........#..###....##.##


You could see 2 orc priests.

Vanquished Creatures
  A gnoll (D:1)
  2 adders
  A worm (D:3)
  A dart slug (D:1)
  3 orcs (D:3)
  6 ball pythons
  6 endoplasms
  3 giant cockroaches
  5 hobgoblins
  4 jackals (D:2)
  4 quokkas
  2 bats (D:1)
  A frilled lizard (D:3)
  A goblin (D:2)
  A kobold (D:3)
  6 rats
47 creatures vanquished.

Notes
Turn   | Place    | Note
-------+----------+-------------------------------------------
     0 | D:1      | skwerlee the Kobold Hunter began the quest for the Orb.
     0 | D:1      | Reached XP level 1. HP: 12/12 MP: 1/1
    92 | D:1      | Reached XP level 2. HP: 17/17 MP: 2/2
   269 | D:1      | Reached skill level 6 in Ranged Weapons
   321 | D:1      | Reached XP level 3. HP: 22/22 MP: 3/3
   325 | D:1      | Found Woeroef's Distillery.
   537 | D:2      | Identified the +0 hand axe of Infection {freeze, Str+3
                  | Int+2}
   677 | D:2      | Found a faded altar of an unknown god.
   867 | D:2      | Reached XP level 4. HP: 23/27 MP: 4/4
  1333 | D:3      | Reached skill level 7 in Ranged Weapons
  1706 | D:3      | Slain by an orc priest

Illustrated notes

Levels and vault maps discovered:
D:1:      dpeg_arrival_pits, layout_rooms, serial_shops,
          nicolae_shop_just_a_little_nook, minmay_misc_feat_chi
D:2:      layout_basic, hellmonk_ecumenical_altar_zigzags
D:3:      layout_loops_ring, mainiacjoe_overflow_alcove_4, uniq_sigmund

Skill      XL: |  1  2  3  4 |
---------------+-------------+-----
Ranged Weapons | 6 7 |  7.2
Fighting       | 3 |  3.0
Dodging        | |  2.4
Stealth        | |  1.3

Action                     |  1- 3 |  4- 6 || total
---------------------------+-------+-------++-------
   Fire: Shortbow          |    48 |    43 ||    91
    Use: Potion            |       |     2 ||     2
 Armour: Leather armour    |     6 |     4 ||    10
  Dodge: Dodged            |     9 |     6 ||    15

Table legend: (Time is in decaauts)
 A = Elapsed time spent in this place.
 B = Non-inter-level travel time spent in this place.
 C = Inter-level travel time spent in this place.
 D = Time resting spent in this place.
 E = Time spent auto-exploring this place.
 F = Levels seen in this place.
 G = Mean time per level.
                   A        B        C        D        E       F      G
               +--------+--------+--------+--------+--------+-----+--------+
         Total |   1717 |   1620 |     97 |     49 |   1343 |   3 |  572.3 |
       Dungeon |   1717 |   1620 |     97 |     49 |   1343 |   3 |  572.3 |
               +--------+--------+--------+--------+--------+-----+--------+

Top non-repeatable levels by time:
     D:2: 861 daAuts
     D:1: 452 daAuts
     D:3: 403 daAuts
